 Dungeon Crawl Stone Soup version 0.17-a0-1655-g88a8506 (webtiles) character file.

69 kae the Grave Robber (level 4, -3/30 HPs)
             Began as a Demonspawn Necromancer on Aug 15, 2015.
             Slain by an adder (5 damage)
             ... on level 2 of the Dungeon.
             The game lasted 00:01:35 (1392 turns).

kae the Grave Robber (Demonspawn Necromancer)       Turns: 1392, Time: 00:01:35

Health: -3/30      AC:  2    Str:  8    XL:     4   Next: 2%
Magic:  1/8        EV: 12    Int: 18    God:
Gold:   91         SH:  0    Dex: 13    Spells: 1 memorised, 7 levels left

rFire  . . .     SeeInvis .     f - +0 short sword
rCold  . . .     Clarity  .     a - +0 robe
rNeg   . . .     SustAt   .     (no shield)
rPois  .         Gourm    .     (no helmet)
rElec  .         Spirit   .     (no cloak)
rCorr  .         Warding  .     (no gloves)
rMut   .         Stasis   .     (no boots)
MR     .....                    (no amulet)
Stlth  +++.......               (no ring)
                                (no ring)

@: lethally poisoned (-3 -> -11), not resistant to hostile enchantments, fairly
stealthy
A: nightstalker 1
a: no special abilities


You were on level 2 of the Dungeon.
You were not hungry.

You visited 1 branch of the dungeon, and saw 2 of its levels.

You collected 91 gold pieces.

Inventory:

Hand weapons
 f - a +0 short sword (weapon)
Missiles
 e - 5 javelins (quivered)
Armour
 a - a +0 robe (worn)
Scrolls
 h - a scroll of blinking {unknown}
 i - a scroll of magic mapping {unknown}
 k - a scroll of enchant weapon {unknown}
 p - a scroll of enchant armour {unknown}
 q - a scroll of recharging {unknown}
Potions
 g - a potion of degeneration {unknown}
 o - a potion of magic {unknown}
Books
 b - a book of Necromancy

   Spells                             Type                      Level
   a - Pain                           Necromancy                   1
   b - Animate Skeleton               Necromancy                   1
   c - Vampiric Draining              Necromancy                   3
   d - Regeneration                   Charms/Necromancy            3
   e - Animate Dead                   Necromancy                   4
   f - Control Undead                 Necromancy                   4
Comestibles
 c - 3 bread rations
 d - 2 meat rations
 l - a chunk of flesh
 m - a slice of pizza
 n - 3 fruits


   Skills:
 - Level 1.7 Dodging
 - Level 1.7 Stealth
 + Level 2.8 Spellcasting
 * Level 5.6 Necromancy


You had 7 spell levels left.
You knew the following spells:

 Your Spells              Type           Power        Failure   Level  Hunger
a - Pain                  Necr           ###.         1%          1    None


Dungeon Overview and Level Annotations

Branches:
Dungeon (2/15)

Altars:
Nemelex Xobeh
The Shining One


Innate Abilities, Weirdness & Mutations

You are slightly more attuned to the shadows.


Message History

* * * LOW HITPOINT WARNING * * *
You feel sick.
You miss the adder.
The adder is heavily wounded.
* * * LOW HITPOINT WARNING * * *
You feel sick. The adder bites you but does no damage.
You barely miss the adder.
The adder is heavily wounded.
* * * LOW HITPOINT WARNING * * *
You feel sick. The adder completely misses you. The adder bites you.
* * * LOW HITPOINT WARNING * * *
You hit the adder.
The adder is severely wounded.
* * * LOW HITPOINT WARNING * * *
You feel sick. The adder misses you.
You barely miss the adder.
The adder is severely wounded.
* * * LOW HITPOINT WARNING * * *
You feel sick. The adder bites you.
You die...

##.....##......#..........
#.......#.....##..........
#.......#.#...####†#######
#..._...'.#....###.#
#.......###.....##.#
#.......#.....#.##.##
##.....##.##........#
########...........#
###.#.##@##........#
......gS.###########
......g### ≈≈≈ .........#
.r.. #(#.###..#≈.g# #
##g'..# #)'..# #g#≈.#
..#≈...


You could see an adder and 2 goblins.

Vanquished Creatures
  Ijyb (D:2)
  A giant gecko (D:1)
  A ball python (D:1)
  3 giant cockroaches
  8 goblins
  5 hobgoblins
  4 bats
  2 giant newts (D:1)
  7 jackals
  6 kobolds
  2 rats
40 creatures vanquished.

Notes
Turn   | Place    | Note
--------------------------------------------------------------
     0 | D:1      | kae the Demonspawn Necromancer began the quest for the Orb.
     0 | D:1      | Reached XP level 1. HP: 13/13 MP: 3/3
    96 | D:1      | Found a glowing golden altar of the Shining One.
   292 | D:1      | Gained mutation: You are slightly more attuned to the shadows. [demonic ancestry]
   292 | D:1      | Reached XP level 2. HP: 17/19 MP: 3/5
   340 | D:1      | Reached skill level 5 in Necromancy
  1070 | D:2      | Reached XP level 3. HP: 22/24 MP: 3/6
  1071 | D:2      | Noticed Ijyb
  1092 | D:2      | Killed Ijyb
  1334 | D:2      | Found a sparkling altar of Nemelex Xobeh.
  1374 | D:2      | Reached XP level 4. HP: 21/30 MP: 0/8
  1392 | D:2      | Slain by an adder

Vault maps used:
D:1:      dpeg_arrival_leaves_temple_mockup, hangedman_glass_teeth, hex_tiny,
          hangedman_decor_peaks_small, tso_metal_star
D:2:      gammafunk_temple_overflow_wave, kennysheep_flooded_box,
          serial_bayou_ford_a, kennysheep_generic_room_7, uniq_robin, uniq_iyjb

Action                   |  1- 3 |  4- 6 || total
-------------------------+-------+-------++-------
Melee: Unarmed           |    43 |       ||    43
       Short sword       |    17 |     9 ||    26
 Cast: Pain              |    50 |     2 ||    52
  Use: Potion            |     1 |     1 ||     2
 Stab: Sleeping          |     1 |       ||     1
  Eat: Chunk             |     2 |       ||     2
